 Dungeon Crawl Stone Soup version 0.28.0-1-gb440e238dd (webtiles) character file.

Game seed: 7849665211686401941

26 jfcaron the Skirmisher (level 3, -1/60 HPs)
             Began as an Ogre Berserker on Feb 21, 2022.
             Was a Follower of Trog.
             Succumbed to a kobold's poison
             ... on level 1 of the Dungeon.
             The game lasted 00:01:17 (510 turns).

jfcaron the Skirmisher (Ogre Berserker)              Turns: 510, Time: 00:01:18

Health: -1/60      AC:  3    Str: 23    XL:     3   Next: 8%
Magic:  3/3        EV: 10    Int:  8    God:    Trog [*.....]
Gold:   42         SH:  0    Dex:  8    Spells: 2/2 levels left

rFire   . . .      SeeInvis .   a - +0 spear
rCold   . . .      Faith    .   (no shield)
rNeg    . . .      Spirit   .   b - +0 animal skin
rPois   .          Reflect  .   (helmet restricted)
rElec   .          Harm     .   (no cloak)
rCorr   .          Rampage  .   (gloves unavailable)
Will    .....                   (boots unavailable)
Stlth   ..........              (no amulet)
HPRegen 0.20/turn               (no ring)
MPRegen 0.08/turn               (no ring)

@: berserking (expiring), lethally poisoned (-1 -> -22), very quick
A: large, unfitting armour, tough skin 1
a: Renounce Religion, Berserk


You were on level 1 of the Dungeon.
You worshipped Trog.
Trog was aware of your devotion.
You visited 1 branch of the dungeon, and saw 1 of its levels.

You collected 42 gold pieces.

Inventory:

Hand Weapons
 a - a +0 spear (weapon)
Missiles
 c - 25 sling bullets
 g - 20 arrows
Armour
 b - a +0 animal skin (worn)
Scrolls
 h - a scroll of teleportation {unknown}
 i - a scroll of enchant armour {unknown}
Potions
 d - a potion of curing {unknown}
 e - a potion of berserk rage {unknown}
 f - a potion of might


   Skills:
 + Level 4.5 Fighting
 + Level 3.4 Polearms
 + Level 3.1 Dodging


You had 2 spell levels left.
You didn't know any spells.
Your spell library was empty.

Dungeon Overview and Level Annotations

Branches:
Dungeon (1/15)

Altars:

Shops:
D:1 (


Innate Abilities, Weirdness & Mutations

You are too large for most types of armour.
You have tough skin. (AC +1)


Message History

You hit the kobold.
You kill the kobold!
Trog accepts your kill.
You feel sick.
You feel sick. The rat closely misses you.
The kobold hits you but does no damage.
Things that are here:
a +1 short sword of holy wrath; a stone; a kobold corpse You miss the kobold.
You feel sick.
You closely miss the kobold.
You feel sick. The rat closely misses you. The kobold barely misses you.
You completely miss the kobold.
You feel sick. The rat bites you.
* * * LOW HITPOINT WARNING * * *
You miss the kobold.
You feel sick.
The kobold hits you with a +1 dagger of venom.
* * * LOW HITPOINT WARNING * * *
You barely miss the kobold.
You feel sick. The rat closely misses you. The kobold closely misses you.
You closely miss the kobold.
You feel sick.
You barely miss the kobold. The rat closely misses you.
The kobold hits you but does no damage.
You are lethally poisoned!
You hit the kobold.
The kobold is heavily wounded.
* * * LOW HITPOINT WARNING * * *
You feel very sick. The rat closely misses you.
The kobold hits you with a +1 dagger of venom.
* * * LOW HITPOINT WARNING * * *
You are more poisoned.
You closely miss the kobold.
The kobold is heavily wounded.
* * * LOW HITPOINT WARNING * * *
You feel sick.
Unknown command.
You are too berserk!
You puncture the kobold!
You kill the kobold!
Trog accepts your kill.
You die...

.# .. ## ##.#
.. #..#
#.#.###..#
#........###.#.
#....)r...... #
#@# # #.# # #.#
# #.# # # #.###
# ##.#####...##
# ............#
######.
##..........#
.......
#...........#


You could see a rat.

Vanquished Creatures
  2 dart slugs (D:1)
  3 endoplasms (D:1)
  2 giant cockroaches (D:1)
  3 goblins (D:1)
  2 hobgoblins (D:1)
  5 kobolds (D:1)
  2 ball pythons (D:1)
  A frilled lizard (D:1)
20 creatures vanquished.

Notes
Turn   | Place    | Note
-------+----------+-------------------------------------------
     0 | D:1      | jfcaron the Ogre Berserker began the quest for the Orb.
     0 | D:1      | Reached XP level 1. HP: 24/24 MP: 1/1
   120 | D:1      | Reached XP level 2. HP: 30/32 MP: 0/2
   225 | D:1      | Found Powkon's Antique Weapon Shop.
   459 | D:1      | Reached XP level 3. HP: 36/40 MP: 3/3
   504 | D:1      | HP: 12/60 [kobold (1)]
   508 | D:1      | HP: 5/60 [kobold (3)]
   510 | D:1      | Succumbed to a kobold's poison

Illustrated notes

Levels and vault maps discovered:
D:1:      evilmike_arrival_hilbert_curve, layout_loops_ring, serial_shops, shop

Skill      XL: |  1  2 |
---------------+-------+-----
Dodging        | 3 |  3.1
Fighting       | |  4.5
Polearms       | |  3.4

Action                   || total
-------------------------++-------
Melee: Spear             ||    55
       Punch             ||     1
Invok: Berserk           ||     2
 Stab: Sleeping          ||     1
Armor: Animal skin       ||     7
Dodge: Dodged            ||    20
